Map: Neon Violet Square LE

Players

Kozzy - Winner!

  • Race: Protoss Protoss
  • League: Platinum
  • Spawn Location: 11:00

VAKER

  • Race: Terran Terran
  • League: Platinum
  • Spawn Location: 5:00

VOD

Have the link to the VOD?

Description

Time

  • Played on: April 15, 2018, 5:16 p.m.
  • Length: 6:17
Show
View Real Time Build Order
Export as new Build Order

Kozzy Protoss - Winner!

Build Orders:  

Get SALT Encoding   

  12  0:01  Probe  
  13  0:13  Probe  
  14  0:19  Pylon  
  14  0:30  Probe  
  15  0:38  Gateway  
  15  0:43  Assimilator  
  15  0:45  Probe (Chrono Boost)  
  16  0:55  Probe (Chrono Boost)  
  17  1:00  Probe (Chrono Boost)  
  17  1:02  Assimilator  
  19  1:11  Probe (Chrono Boost)  
  19  1:20  Probe (Chrono Boost)  
  19  1:23  Pylon  
  20  1:26  Probe  
  21  1:38  Probe  
  22  1:46  Cybernetics Core  
  22  1:50  Probe  
  23  2:01  Gateway  
  23  2:02  Probe  
  23  2:17  Pylon  
  23  2:27  Probe, Warp Gate (Chrono Boost)  
  23  2:28  Stalker  
  26  2:39  Pylon  
  26  2:46  Gateway  
  26  2:58  Stalker  
  28  3:03  Pylon  
  28  3:09  Stalker  
  30  3:28  Stalker  
  30  3:29  Gateway  
  32  3:54  Stalker x2  
  36  4:34  Stalker x2  
  36  4:35  Stalker  
  36  4:36  Stalker  
  44  4:43  Pylon, Forge  
  44  5:02  Stalker  
  44  5:03  Stalker x2  
  50  5:15  Stalker  
  36  5:39  Stalker  
  36  5:40  Stalker x3  
  44  6:09  Photon Cannon, Shield Battery  
  44  6:15  Photon Cannon  
Show
View Real Time Build Order
Export as new Build Order

VAKER Terran 

Build Orders: Liberator Opening 

Get SALT Encoding   

  12  0:00  SCV  
  13  0:13  SCV  
  14  0:25  SCV  
  14  0:27  Supply Depot  
  15  0:39  Refinery  
  15  0:49  Barracks, SCV  
  16  1:01  SCV  
  17  1:13  SCV  
  18  1:25  SCV  
  19  1:37  Reaper, SCV  
  21  1:52  Supply Depot  
  21  2:02  SCV  
  21  2:06  Refinery  
  22  2:14  SCV  
  23  2:25  Factory  
  23  2:28  Orbital Command  
  23  2:30  Barracks Reactor  
  23  2:44  Command Center  
  23  2:50  Bunker  
  23  2:54  SCV  
  24  3:06  SCV  
  24  3:11  Starport  
  25  3:15  Barracks Reactor  
  25  3:18  SCV, Cyclone  
  29  3:27  Engineering Bay  
  29  3:31  SCV  
  30  3:43  Supply Depot  
  30  3:52  Liberator  
  30  3:59  Marine x2  
  30  4:01  Orbital Command  
  30  4:02  Cyclone  
  38  4:19  Marine x2  
  38  4:20  Barracks  
  38  4:22  SCV  
  40  4:29  SCV  
  41  4:34  SCV  
  41  4:36  Missile Turret  
  42  4:41  SCV, Cyclone  
  46  4:48  Missile Turret  
  46  4:53  SCV  
  46  4:56  Medivac  
  49  5:01  Supply Depot  
  49  5:02  SCV  
  50  5:07  Barracks Tech Lab  
  50  5:12  Refinery  
  50  5:17  SCV  
  39  5:35  Marine  
  39  5:36  Marine, Marauder  
  39  5:53  Marine  
  39  5:54  Marine  
Tags
 
Add a new tag
Caveats
  • Supply blocks, unpowered buildings, or Contaminate may cause inaccurate times.
  • Supply counts are checked every 10 seconds.